 Dungeon Crawl Stone Soup version 0.25-a0-781-gc44aebf4fe (webtiles) character file.

Game seed: 1342935865951423487, levelgen mode: classic

62 Amnesiac the Digger (level 3, -5/15 HPs)
             Began as a Felid Earth Elementalist on Apr 16, 2020.
             Slain by an iguana (15 damage)
             ... on level 4 of the Dungeon.
             The game lasted 00:06:31 (2002 turns).

Amnesiac the Digger (Felid Earth Elementalist)      Turns: 2002, Time: 00:06:32

Health: -5/15      AC:  1    Str:  4    XL:     3   Next: 85%
Magic:  0/7        EV: 19    Int: 17    God:
Gold:   76         SH:  0    Dex: 16    Spells: 3/6 levels left
                                        Lives:  0   Deaths: 0

rFire    . . .     SeeInvis +   (weapon unavailable)
rCold    . . .     Gourm    .   (shield unavailable)
rNeg     . . .     Faith    .   (armour unavailable)
rPois    .         Spirit   .   (helmet unavailable)
rElec    .         Reflect  .   (cloak unavailable)
rCorr    .         Harm     .   (gloves unavailable)
MR       .....                  (boots unavailable)
Stlth    +++.......             (no amulet)
HPRegen  0.05/turn              (no ring)
MPRegen  0.10/turn              (no ring)

@: quick
A: very small, no armour, no weapons or thrown items, stealth, claws 1, fangs 3,
see invisible, carnivore, speed 1, shaggy fur 1, slow metabolism 1, sharp paws
a: no special abilities


You were on level 4 of the Dungeon.
You were completely stuffed.

You visited 1 branch of the dungeon, and saw 4 of its levels.

You collected 76 gold pieces.

Inventory:

Missiles
 b - 72 stones
Jewellery
 d - a cursed ring of attention
Wands
 j - a wand of enslavement (5)
Scrolls
 a - 2 scrolls of fear {!r}
 f - 2 scrolls of remove curse {!r, unknown}
 g - a scroll of random uselessness {!r, unknown}
 i - a scroll of immolation {!r, unknown}
Potions
 e - 2 potions of curing {!q, unknown}
 k - a potion of brilliance {!q, unknown}
 l - a potion of lignification {!q, unknown}
 m - a potion of mutation {!q, unknown}
Comestibles
 c - 4 rations
 h - 2 chunks of flesh


   Skills:
 - Level 1.0 Fighting
 - Level 3.4 Dodging
 - Level 3.0 Stealth
 + Level 0.8 Unarmed Combat
 + Level 2.1 Spellcasting
 - Level 1.1 Transmutations
 * Level 3.5 Earth Magic
 + Level 0.0 Evocations


You had 3 spell levels left.
You knew the following spells:

 Your Spells              Type           Power        Failure   Level  Hunger
a - Sandblast             Erth           ##....       4%          1    #......
b - Passwall              Tmut/Erth      #.......     11%         2    ###....

Your spell library contained the following spells:

 Spells                   Type           Power        Failure   Level  Hunger
 Stone Arrow              Conj/Erth      #.....       28%         3    ###....
 Petrify                  Tmut/Erth      #.......     58%         4    #####..
 Lee's Rapid Deconstruct  Erth           ##........   77%         5    ######.


Dungeon Overview and Level Annotations

Branches:
Dungeon (4/15)
 Temple: D:4-7

Altars:
Dithmenos

Annotations:
D:3 exclusions: orc and orc wizard
D:4 exclusions: 2 doors and worker ant


Innate Abilities, Weirdness & Mutations

You cannot wear armour.
You are incapable of wielding weapons or throwing items.
Your paws allow you to move quietly. (Stealth)
You have sharp claws.
You have razor-sharp teeth.
You have supernaturally acute eyesight. (SInv)
You are carnivorous and can eat meat at any time.
You cover ground quickly.
You are covered in fur. (AC +1)
You have a slow metabolism.
Your sharp claws are effective at attacking unaware monsters.


Message History

You see here a blue potion {!q}.
You scratch the iguana but do no damage.
The iguana is almost dead.
The iguana bites you.
Casting: Sandblast (safe; 4% risk of failure)
Confirm with . or Enter, or press ? or * to list all spells.
You don't have enough magic to cast that spell.
Casting: Sandblast (safe; 4% risk of failure)
Confirm with . or Enter, or press ? or * to list all spells.
Aiming: Sandblast (safe; 4% risk of failure)
Press: ? - help, Shift-Dir - straight line, f/p - iguana
Aim: an iguana (almost dead)
The blast of sand hits the iguana but does no damage.
The iguana is almost dead.
b - 74 stones You barely miss the iguana.
The iguana is severely wounded.
The iguana completely misses you.
Casting: Sandblast (safe; 4% risk of failure)
Confirm with . or Enter, or press ? or * to list all spells.
Aiming: Sandblast (safe; 4% risk of failure)
Press: ? - help, Shift-Dir - straight line, f/p - iguana
Aim: an iguana (severely wounded)
The blast of sand hits the iguana.
The iguana is almost dead.
b - 73 stones The iguana bites you.
Casting: Sandblast (safe; 4% risk of failure)
Confirm with . or Enter, or press ? or * to list all spells.
You don't have enough magic to cast that spell.
Casting: Sandblast (safe; 4% risk of failure)
Confirm with . or Enter, or press ? or * to list all spells.
You don't have enough magic to cast that spell.
Casting: Sandblast (safe; 4% risk of failure)
Confirm with . or Enter, or press ? or * to list all spells.
You don't have enough magic to cast that spell.
Casting: Sandblast (safe; 4% risk of failure)
Confirm with . or Enter, or press ? or * to list all spells.
You don't have enough magic to cast that spell.
Casting: Sandblast (safe; 4% risk of failure)
Confirm with . or Enter, or press ? or * to list all spells.
You don't have enough magic to cast that spell.
Casting: Sandblast (safe; 4% risk of failure)
Confirm with . or Enter, or press ? or * to list all spells.
You don't have enough magic to cast that spell.
Casting: Sandblast (safe; 4% risk of failure)
Confirm with . or Enter, or press ? or * to list all spells.
You don't have enough magic to cast that spell.
Casting: Sandblast (safe; 4% risk of failure)
Confirm with . or Enter, or press ? or * to list all spells.
Aiming: Sandblast (safe; 4% risk of failure)
Press: ? - help, Shift-Dir - straight line, f/p - iguana
Aim: an iguana (almost dead)
The blast of sand hits the iguana but does no damage.
The iguana is almost dead.
b - 72 stones
Casting: Sandblast (safe; 4% risk of failure)
Confirm with . or Enter, or press ? or * to list all spells.
You don't have enough magic to cast that spell.
You barely miss the iguana.
The iguana is almost dead.
The iguana bites you!
Ouch! That really hurt!
You die...

#.# #.# #.#
####.#####..
######...........
#..........#
######
#.####.##..#
#..... #.# #.##l.#
#......# #.#
#.##@.# #..a..##
#.# #.##..#####
...... # #.#
#.........# ....#
# #.# #..##!###.#
#### #
#.####.........#.#
#
#..........#####.#
# ######..#### #.#
# #..# #.# + #..#
#.# #


You could see an iguana.

Vanquished Creatures
  An adder (D:3)
  An ooze (D:2)
  3 worms (D:2)
  A dart slug (D:1)
  A leopard gecko (D:1)
  An orc (D:3)
  4 bats
  A giant cockroach (D:1)
  3 goblins
  4 hobgoblins
  4 jackals
  A quokka (D:4)
  A ball python (D:3)
  4 kobolds
  3 rats
33 creatures vanquished.

Notes
Turn   | Place    | Note
-------+----------+-------------------------------------------
     0 | D:1      | Amnesiac the Felid Earth Elementalist began the quest for
                  | the Orb.
     0 | D:1      | Reached XP level 1. HP: 7/7 MP: 4/4
   277 | D:1      | Reached XP level 2. HP: 12/12 MP: 3/6
   325 | D:1      | Reached skill level 1 in Fighting
   811 | D:2      | Reached XP level 3. HP: 14/15 MP: 4/7
  1615 | D:4      | Learned a level 2 spell: Passwall
  1664 | D:4      | Noticed an ogre
  1780 | D:3      | Found a shadowy altar of Dithmenos.
  1900 | D:4      | Noticed a phantom
  2002 | D:4      | Slain by an iguana

Levels and vault maps discovered:
D:1:      sevenhm_arrival_forest_fort_large_4, layout_rooms
D:2:      layout_loops_corners, first_ration, chequers_serial_rivers_small_b
D:3:      layout_loops_ring, grunt_dithmenos_smoke_and_mirrors
D:4:      minmay_opposing_rooms, layout_loops_ring

Skill      XL: |  1  2 |
---------------+-------+-----
Dodging        | 3 |  3.4
Fighting       | 1 |  1.0
Stealth        | 3 |  3.0
Earth Magic    | 3 |  3.5
Unarmed Combat | |  0.8
Spellcasting   | |  2.1
Transmutations | |  1.1

Action                   || total
-------------------------++-------
Melee: Unarmed           ||    62
       Bite              ||     5
 Cast: Sandblast         ||    57
       Passwall          ||     1
  Use: Scroll            ||     1
 Stab: Fleeing           ||     1
       Sleeping          ||     7
  Eat: Chunk             ||    10
Armor: Skin              ||     2
Dodge: Dodged            ||    80

Table legend:
 A = Non-vault XP
 B = Vault XP
 C = Vault XP percentage of total XP
 D = Non-vault monster count
 E = Vault monster count
 F = Vault count percentage of total count
                 A         B        C        D         E       F
            +---------+---------+-------+---------+---------+-------
      Total |      89 |       0 |   0.0 |      33 |       0 |   0.0
            +---------+---------+-------+---------+---------+-------
        D:1 |      23 |       0 |   0.0 |      11 |       0 |   0.0
        D:2 |      32 |       0 |   0.0 |      10 |       0 |   0.0
        D:3 |      30 |       0 |   0.0 |      10 |       0 |   0.0
        D:4 |       4 |       0 |   0.0 |       2 |       0 |   0.0
            +---------+---------+-------+---------+---------+-------
